Map: Simulacrum LE

Players

MaxPax - Winner!

  • Race: Protoss Protoss
  • League: Master
  • Spawn Location: 5:00

soul

  • Race: Terran Terran
  • League: Grandmaster
  • Spawn Location: 11:00

VOD

Have the link to the VOD?

Description

Time

  • Played on: Feb. 13, 2020, 5:29 a.m.
  • Length: 12:29
Show
View Real Time Build Order
Export as new Build Order

MaxPax Protoss - Winner!

Build Orders: Colossus Rush 

Get SALT Encoding   

  12  0:00  Probe  
  13  0:13  Probe  
  14  0:20  Pylon  
  14  0:25  Probe  
  15  0:33  Pylon  
  15  0:38  Probe  
  16  0:50  Probe  
  16  0:51  Gateway  
  17  0:57  Assimilator  
  17  1:02  Probe  
  18  1:14  Probe  
  19  1:26  Probe  
  20  1:38  Zealot (Chrono Boost)  
  22  1:40  Cybernetics Core  
  22  1:53  Nexus  
  22  1:57  Zealot (Chrono Boost)  
  24  2:03  Probe  
  25  2:12  Assimilator  
  24  2:15  Stalker (Chrono Boost), Probe  
  27  2:31  Probe  
  26  2:41  Adept  
  26  2:43  Probe  
  27  2:56  Probe (Chrono Boost)  
  28  3:03  Robotics Facility, Warp Gate  
  28  3:05  Probe (Chrono Boost)  
  29  3:11  Adept (Chrono Boost)  
  32  3:13  Probe (Chrono Boost)  
  32  3:15  Probe (Chrono Boost)  
  32  3:19  Probe (Chrono Boost)  
  34  3:20  Probe (Chrono Boost)  
  35  3:29  Gateway  
  35  3:31  Probe  
  35  3:33  Probe  
  37  3:38  Stalker (Chrono Boost)  
  39  3:43  Probe  
  39  3:45  Probe  
  41  3:53  Warp Prism  
  43  3:56  Probe  
  45  4:04  Stalker  
  45  4:07  Pylon  
  46  4:25  Probe x2  
  48  4:32  Pylon, Observer  
  48  4:37  Probe x2  
  49  4:43  Pylon  
  45  4:45  Assimilator  
  45  4:47  Robotics Bay, Gateway, Assimilator  
  45  4:51  Stalker x2  
  49  4:53  Probe x2  
  51  5:05  Probe  
  52  5:19  Nexus  
  52  5:20  Pylon, Probe  
  53  5:22  Pylon  
  53  5:30  Colossus (Chrono Boost)  
  53  5:31  Stargate  
  53  5:32  Probe  
  60  5:36  Gravitic Drive (Chrono Boost), Probe  
  60  5:41  Zealot  
  63  5:44  Observer  
  63  5:46  Zealot  
  63  5:47  Sentry  
  67  5:52  Probe  
  67  5:53  Probe  
  69  6:02  Pylon  
  69  6:04  Gateway  
  69  6:05  Pylon  
  69  6:10  Probe x2  
  71  6:16  Colossus (Chrono Boost)  
  71  6:23  Phoenix  
  71  6:24  Probe  
  71  6:25  Probe  
  81  6:31  Sentry  
  83  6:32  Zealot  
  83  6:33  Probe  
  83  6:36  Probe  
  83  6:37  Probe  
  88  6:49  Phoenix  
  88  6:51  Probe  
  91  7:00  Colossus (Chrono Boost)  
  91  7:01  Probe  
  92  7:04  Probe  
  92  7:05  Stalker x2  
  92  7:06  Stalker  
  92  7:07  Probe  
  106  7:08  Assimilator  
  106  7:10  Assimilator  
  106  7:13  Probe  
  107  7:16  Probe  
  108  7:30  Phoenix  
  108  7:36  Zealot x3  
  108  7:42  Gateway  
  106  7:46  Gateway  
  106  7:54  Extended Thermal Lance (Chrono Boost)  
  106  7:55  Phoenix (Chrono Boost)  
  106  7:56  Probe  
  109  8:00  Pylon  
  109  8:01  Pylon  
  109  8:04  Gateway  
  109  8:06  Forge, Pylon  
  109  8:08  Pylon  
  109  8:09  Pylon  
  109  8:18  Colossus (Chrono Boost), Phoenix (Chrono Boost), Probe  
  108  8:29  Probe  
  108  8:30  Probe  
  108  8:31  Probe  
  105  8:41  Probe  
  105  8:42  Probe  
  105  8:43  Phoenix, Probe  
  110  8:53  Stalker x2, Probe  
  110  8:54  Probe  
  110  8:55  Probe  
  111  9:02  Observer  
  111  9:03  Colossus (Chrono Boost)  
  111  9:06  Probe x2  
  111  9:08  Probe  
  120  9:14  Stalker  
  120  9:15  Stalker x3  
  120  9:18  Probe  
  121  9:26  Stalker x2  
  125  9:32  Phoenix  
  125  9:35  Probe  
  128  9:42  Sentry x2  
  128  9:43  Sentry x2  
  136  9:46  Colossus (Chrono Boost)  
  142  9:58  Probe  
  142  9:59  Probe x2  
  129  10:02  Stalker  
  131  10:10  Probe  
  114  10:15  Phoenix, Probe  
  114  10:18  Probe  
  118  10:22  Probe  
  118  10:27  Probe  
  118  10:28  Colossus (Chrono Boost), Sentry x3  
  131  10:36  Probe  
  131  10:40  Probe x2  
  131  10:43  Phoenix  
  131  10:45  Sentry x2  
  137  11:02  Stalker x3  
  143  11:04  Probe  
  143  11:05  Probe x2  
  146  11:16  Phoenix, Probe  
  147  11:30  Probe  
  148  11:41  Pylon  
  148  11:42  Pylon  
  142  11:57  Robotics Facility  
  139  12:04  Pylon  
  139  12:07  Stalker x2  
  139  12:08  Robotics Facility, Stalker  
  135  12:09  Probe x2  
Show
View Real Time Build Order
Export as new Build Order

soul Terran 

Build Orders: Reaper Expand 

Get SALT Encoding   

  12  0:00  SCV  
  13  0:12  SCV  
  14  0:17  Supply Depot  
  14  0:25  SCV  
  15  0:38  SCV  
  15  0:39  Barracks  
  16  0:45  Refinery  
  16  0:50  SCV  
  17  1:03  SCV  
  18  1:15  SCV  
  19  1:29  Orbital Command, Reaper  
  20  1:45  Command Center  
  20  1:54  Supply Depot  
  20  1:56  SCV  
  20  2:00  Marine  
  22  2:08  SCV  
  23  2:09  Bunker  
  23  2:18  Marine  
  23  2:20  SCV  
  25  2:32  SCV  
  25  2:36  Marine  
  26  2:44  SCV  
  26  2:54  Marine  
  26  2:56  SCV  
  26  2:57  Factory  
  27  3:05  Barracks  
  27  3:08  Supply Depot, SCV  
  27  3:11  Orbital Command  
  28  3:18  Barracks Reactor  
  28  3:20  SCV  
  28  3:26  Refinery  
  29  3:32  SCV  
  30  3:39  SCV  
  31  3:42  Widow Mine  
  31  3:44  SCV  
  31  3:47  Starport  
  34  3:51  SCV  
  34  3:54  Marine x3  
  38  3:57  SCV  
  37  4:04  SCV  
  37  4:06  Widow Mine  
  37  4:09  SCV  
  41  4:12  Marine x3  
  41  4:16  SCV  
  45  4:21  SCV  
  45  4:24  Supply Depot  
  45  4:25  Medivac  
  45  4:26  Orbital Command  
  45  4:28  SCV  
  45  4:30  Marine x2  
  51  4:33  SCV  
  49  4:43  Barracks Tech Lab, Factory Tech Lab  
  49  4:45  SCV  
  49  4:46  Barracks  
  49  4:48  Marine  
  49  4:50  Engineering Bay  
  49  4:52  SCV  
  51  4:58  SCV  
  52  5:01  Marine  
  52  5:02  Marauder  
  52  5:03  Stimpack  
  52  5:04  SCV  
  52  5:06  Viking  
  57  5:10  SCV  
  54  5:17  SCV  
  54  5:19  Terran Infantry Weapons Level 1  
  55  5:22  Refinery, SCV  
  55  5:25  Refinery, Marine  
  55  5:26  Marauder  
  59  5:29  SCV  
  62  5:36  Supply Depot  
  62  5:38  SCV  
  62  5:39  Starport Reactor  
  62  5:41  Marine  
  62  5:42  Supply Depot  
  61  5:43  SCV  
  61  5:49  Combat Shield  
  62  5:58  Marauder x2, SCV x2, Marine  
  62  6:00  Supply Depot  
  62  6:03  Supply Depot  
  69  6:05  Supply Depot, Marine  
  69  6:07  Factory Reactor  
  69  6:10  SCV  
  71  6:15  Marine  
  71  6:16  Medivac x2  
  76  6:20  Marauder  
  76  6:22  Marauder  
  76  6:23  Marine  
  81  6:33  Marine  
  81  6:37  Supply Depot  
  81  6:38  Command Center  
  80  6:41  Marauder, Marine  
  80  6:43  Marauder  
  85  6:51  Marine  
  84  6:54  SCV  
  84  6:59  Barracks x2, Marine  
  83  7:02  Marauder  
  83  7:04  Marauder  
  83  7:06  SCV  
  88  7:09  Marine  
  88  7:10  Medivac x2  
  93  7:16  Widow Mine, Marine  
  93  7:17  SCV  
  93  7:18  SCV  
  98  7:24  Marauder  
  98  7:25  Marine  
  98  7:27  Marine  
  98  7:29  SCV  
  101  7:34  Widow Mine  
  99  7:37  Widow Mine, Marine  
  99  7:38  SCV  
  99  7:43  Medivac  
  99  7:44  Marauder  
  103  7:45  Marauder, Marine  
  105  7:56  Barracks Reactor, Barracks Tech Lab  
  105  7:57  Marine  
  101  8:03  Widow Mine x2  
  101  8:04  Marine  
  101  8:05  Marauder  
  108  8:06  Orbital Command  
  108  8:07  Marauder, SCV  
  108  8:11  Terran Infantry Armor Level 1, SCV  
  112  8:15  Concussive Shells  
  112  8:19  SCV  
  113  8:23  SCV  
  113  8:24  Marine  
  113  8:25  Marauder, Marine  
  113  8:26  Marauder  
  120  8:28  Marauder  
  120  8:32  Marine  
  121  8:38  Marine  
  117  8:42  Marine  
  117  8:44  SCV  
  117  8:45  SCV  
  117  8:46  Marauder  
  117  8:48  Marauder, SCV, Marine  
  124  8:50  Marine  
  111  8:55  Marauder, Marine  
  111  8:56  SCV  
  111  8:57  SCV  
  111  9:00  SCV, Marine  
  114  9:04  Medivac  
  114  9:07  Marauder, Marine  
  114  9:08  SCV  
  114  9:09  Marauder  
  122  9:10  SCV  
  124  9:21  Marauder  
  124  9:23  Supply Depot  
  124  9:24  Supply Depot  
  125  9:26  SCV x2  
  127  9:37  Marine  
  127  9:38  Marauder x2  
  132  9:39  SCV  
  133  9:45  Supply Depot  
  133  9:46  Supply Depot  
  133  9:47  Supply Depot  
  133  9:48  Supply Depot, SCV  
  134  9:57  Marauder  
  132  10:11  Marine  
  132  10:12  Marauder, Marine  
  132  10:13  Marauder, SCV, Marine  
  107  10:16  Marine  
  107  10:18  Medivac  
  107  10:19  Marauder, Medivac  
  95  10:24  Widow Mine x2  
  95  10:29  Marine  
  95  10:30  Marine  
  95  10:33  Marauder, Marine  
  95  10:34  Marauder  
  102  10:40  Marauder  
  102  10:46  Starport  
  102  10:48  Medivac  
  102  10:49  Medivac  
  104  10:50  Ghost Academy  
  104  10:53  Marine  
  104  10:54  Marauder  
  104  10:56  Marauder  
  105  10:58  Refinery, Marine  
  105  10:59  Refinery  
  105  11:01  Marauder  
  108  11:07  Factory Tech Lab  
  98  11:21  Marauder x2, Marine  
  98  11:23  Marauder  
  105  11:26  Marine  
  105  11:28  Marine  
  105  11:30  Viking  
  105  11:31  Viking  
  105  11:39  Marine  
  99  11:42  Marauder  
  99  11:43  Marine  
  99  11:44  Marauder  
  99  11:46  Marine  
  91  11:56  Marine  
  85  12:03  Marine  
  85  12:04  Marauder  
  85  12:06  Marauder  
Tags
 
Add a new tag
Caveats
  • Supply blocks, unpowered buildings, or Contaminate may cause inaccurate times.
  • Supply counts are checked every 10 seconds.